[Event "Championnat d'Europe de Blitz"]
[Date "2024.12.09"]
[White "Livaic, Leon"]
[Black "Magold, Filip"]
[WhiteElo "2560"]
[BlackElo "2428"]
[Round "9.16"]
[Result "1-0"]
[TimeControl "180+2"]

1. d4 d5 2.
c4 c6 3. cxd5 cxd5 4. Bf4 Nf6 5. Nc3 Nc6 6. e3 a6 7. Be2 Bf5 8. Nf3 e6 9. Qb3 Bb4 10. O-O O-O 11. Ne5 Nxe5 12. Qxb4 Ng6 13. Bg3 Qe7 14. Bd6 Qd7 15. Bxf8 Rxf8 16. Rac1 Ne7 17. Na4 b5 18. Nc5 Qd6 19. Nd3 Qd7 20. Ne5 Qa7 21. Qc5 Qb7 22. Qc7 Rb8 23. Qxb7 Rxb7 24.
f3 g5 25. Rc5 Ne8 26. Rfc1 h5 27. Nc6 Nd6 28. Nxe7+ Rxe7 29. Rc7 Re8 30. R1c6 Rd8 31. Rxa6 Nc4 32. Bxc4 bxc4 33. Rb6 Ra8 34. a3 Bg6 35. Kf2 h4 36. h3 Kg7 37. Ke1 Kf6 38. Rbb7 e5 39. Rb6+ Kf5 40. Rd7 Ra5 41. Rxd5 Rxd5 42. e4+ Kf4 43. exd5 exd4 44. d6 Bf5 45. Rb7 Ke3 46. Re7+ Kd3 47. d7 Bxd7 48. Rxd7 f5 49. a4 Ke3 50. a5 d3 51. a6 1-0

[Site "Europe Echecs"]

[Event "Championnat d'Europe de Blitz"]
[Date "2024.12.09"]
[White "Saric, Ante"]
[Black "Trushko, Andrii"]
[WhiteElo "2482"]
[BlackElo "2143"]
[Round "9.17"]
[Result "1/2-1/2"]
[TimeControl "180+2"]

1. Nf3 Nf6 2. c4 e6 3. g3 d5 4. Bg2 Be7 5. O-O O-O 6. b3 c6 7. d4 b6 8. Qc2 Bb7 9. Nc3 c5 10. cxd5 Nxd5 11. Nxd5 Bxd5 12. e4 Bb7 13. Bb2 Nc6 14. Rfd1 cxd4 15. Nxd4 Nxd4 16. Rxd4 Qe8 17. Rad1 Rc8 18. Qe2 Bc6 19. a3 a5 20. R4d2 Bf6 21. Bxf6 gxf6 22. Rd6 Qe7 23. e5 Bxg2 24. Kxg2 Qb7+ 25. Kg1 f5 26. Qe3 b5 27. Qg5+ Kh8 28. Qf6+ Kg8 29. h4 Qf3 30. R6d3 Qg4 31. Kg2 Qg7 32. Rd7 Qxf6 33. exf6 Rc3 34. Rd8 Rc8 35. Rxf8+ Rxf8 36. Rd7 b4 37. axb4 axb4 38. Rb7 h5 39. Kf3 Kh7 40. Rxb4 Kg6 41. Rb7 Rd8 42. b4 Kxf6 43. b5 Rd3+ 44. Kg2 Rb3 45. Rb8 f4 46. gxf4 Kf5 47. Rh8 Kg4 48. Rf8 f5 49. Rf6 Rxb5 50. Rxe6 Rb4 51. Rg6+ Kxh4 52. Kf3 Rb3+ 53. Kg2 Rb4 54. Kf3 Kh3 55.
Rg5 h4 56. Rxf5 Rb3+ 57. Ke2 Kg4 58. Rg5+ Kxf4 59. Rg8 Rb2+ 60. Kf1 h3 61. Rf8+ Kg4 62. Rg8+ Kf4 63. Rf8+ Kg4 64. Rg8+ 1/2-1/2

[Site "Europe Echecs"]

[Event "Championnat d'Europe de Blitz"]
[Date "2024.12.09"]
[White "Horvath, Dominik"]
[Black "Subelj, Jan"]
[WhiteElo "2542"]
[BlackElo "2526"]
[Round "9.18"]
[Result "1-0"]
[TimeControl "180+2"]

1. d4 Nf6 2.
Bf4 c6 3. c4 Qb6 4. Nf3 Qxb2 5. Nbd2 Qb6 6. g4 d6 7. g5 Nfd7 8. Rb1 Qa5 9. Bg2 e5 10. Be3 e4 11. Nh4 d5 12. O-O Qd8 13. f3 Be7 14. fxe4 Bxg5 15. Bxg5 Qxg5 16. Nf5 O-O 17. Rb3 g6 18. Rg3 Qd8 19. e5 Nb6 20. Nd6 Nxc4 21. N2xc4 dxc4 22. Qd2 f5 23. Qh6 Qd7 24. e4 Qg7 25. Qxg7+ Kxg7 26.
exf5 c3 27. f6+ Kg8 28. Rxc3 Be6 29. Nxb7 Bxa2 30. Na5 Rd8 31. Rd1 a6 32. Nxc6 Nxc6 33. Rxc6 Rac8 34. Rxc8 Rxc8 35. d5 Kf7 36. Rf1 Rd8 37. e6+ Ke8 38. e7 Rb8 39. d6 Be6 40. Bc6+ Kf7 41. d7 1-0

[Site "Europe Echecs"]

[Event "Championnat d'Europe de Blitz"]
[Date "2024.12.09"]
[White "Kuzubov, Yuriy"]
[Black "Ghimpu, Samuel-Timotei"]
[WhiteElo "2595"]
[BlackElo "2475"]
[Round "9.19"]
[Result "1-0"]
[TimeControl "180+2"]

1. c4 e6 2.
Nc3 d5 3. d4 Nf6 4. cxd5 Nxd5 5. e4 Nxc3 6. bxc3 c5 7. Rb1 Be7 8. Nf3 O-O 9. Bd3 cxd4 10. cxd4 b6 11. O-O Bb7 12. Qe2 Nc6 13. Bb2 Nb4 14. Bc4 Rc8 15. a3 Nc6 16. Rfd1 Na5 17. Ba2 Qc7 18. Rbc1 Qf4 19. d5 exd5 20. exd5 Bd6 21. Rxc8 Rxc8 22. Be5 Qh6 23. Bxd6 Qxd6 24. Qd3 h6 25. h4 Rd8 26. h5 a6 27. Bb1 Bxd5 28.
Qh7+ Kf8 29. Ba2 Be4 30. Rxd6 1-0

[Site "Europe Echecs"]

[Event "Championnat d'Europe de Blitz"]
[Date "2024.12.09"]
[White "Hamitevici, Vladimir"]
[Black "Navara, David"]
[WhiteElo "2423"]
[BlackElo "2665"]
[Round "9.20"]
[Result "1-0"]
[TimeControl "180+2"]

1. Nf3 c5 2.
b3 d5 3. e3 Nf6 4. Bb2 g6 5. g3 Bg7 6. Bg2 O-O 7. O-O Qc7 8. c4 dxc4 9. bxc4 Nc6 10. Qe2 b6 11. Nc3 Bb7 12. d3 Rad8 13. Ne1 Nb4 14. Bxb7 Qxb7 15. f4 a6 16. Rb1 b5 17. a3 Nc6 18. cxb5 axb5 19. Ba1 b4 20. axb4 cxb4 21. Nd1 Qa6 22. Rf2 Nd5 23. Bxg7 Kxg7 24. d4 Qxe2 25. Rxe2 Rb8 26. Nd3 f5 27. Nc5 Rfc8 28. Ra2 Ra8 29. Rba1 Rxa2 30. Rxa2 Rb8 31. Ra6 b3 32. Rxc6 b2 33. Nxb2 Rxb2 34. e4 Ne3 35. Ne6+ Kh6 36. Ng5 Rg2+ 37. Kh1 Rd2 38. Kg1 fxe4 39. Nxe4 Rxd4 40.
Ng5 Rd1+ 41.
Kf2 Ng4+ 42.
Ke2 Rg1 43.
Rc7 Nf6 44.
Rxe7 Kh5 45.
Nxh7 Nxh7 46. Rxh7+ Kg4 47. Rh4+ Kf5 48. Kf3 Rf1+ 49. Kg2 Ra1 50. Rh8 Ra2+ 51. Kh3 Rf2 52.
Rf8+ Ke6 53. Ra8 Kf6 54. Ra5 Kg7 55. Rg5 Kf6 56. Rg4 Kf5 57. Rg5+ Kf6 58. Ra5 Kg7 59. Ra7+ Kf6 60. Ra8 Kg7 61. Ra7+ Kf6 62. Rh7 Rd2 63.
Kg4 Rf2 64.
h4 Ra2 65. h5 gxh5+ 66. Rxh5 Ra8 67. Rh6+ Kg7 68. Rb6 Ra5 69. Kh4 Rf5 70. Kg4 Ra5 71.
f5 Ra3 72.
Kh4 Ra4+ 73.
g4 Ra7 74.
Kh5 Rf7 75.
Rg6+ Kh7 76.
Kg5 Kh8 77.
Rh6+ Kg7 78. Rb6 Rc7 79. Kh5 Rc1 80. Kg5 Rc7 81. Rg6+ Kf7 82. Rh6 Kg7 83. f6+ Kg8 84. Kh5 Rc4 85. g5 Rc7 86. Kg6 Rg7+ 87. Kf5 Ra7 88.
Rh2 Ra5+ 89.
Kg6 Ra7 90. f7+ Rxf7 91. Rh8+ Kxh8 92. Kxf7 1-0

[Site "Europe Echecs"]

[Event "Championnat d'Europe de Blitz"]
[Date "2024.12.09"]
[White "Safarli, Eltaj"]
[Black "Schneider, Ilja"]
[WhiteElo "2610"]
[BlackElo "2414"]
[Round "9.21"]
[Result "1-0"]
[TimeControl "180+2"]

1. e4 e5 2.
Nf3 Nc6 3.
Bb5 a6 4.
Ba4 Bc5 5. c3 Nge7 6. d4 exd4 7. cxd4 Bb4+ 8. Bd2 Bxd2+ 9. Qxd2 d5 10. exd5 Qxd5 11. Nc3 Qe6+ 12. Qe3 O-O 13. O-O Qd6 14. Rad1 Bg4 15. d5 Bxf3 16. Qxf3 Ne5 17. Qe2 N7g6 18. f4 Nd7 19. Ne4 Qb6+ 20. Qf2 Qxf2+ 21. Rxf2 Nb6 22. Bb3 a5 23. a4 Nd7 24. Rc1 Rac8 25. g3 Rfe8 26. Ng5 h6 27. Nf3 b6 28.
Bc2 Ne7 29.
Rd1 Nc5 30.
d6 cxd6 31. Rxd6 Nc6 32. Rfd2 Nb4 33. Bf5 Rb8 34. Ne5 Nxa4 35. Bd7 Nc5 36. Bxe8 Rxe8 37. Rd8 Kf8 38. Rxe8+ Kxe8 39. Rd6 Na4 40. b3 Nc5 41. Rxb6 Nxb3 42. Rb5 f6 43. Nc4 Nd4 44.
Rb8+ Kf7 45.
Nxa5 Nd5 46.
Nc4 Kg6 47.
Rd8 Ne2+ 48. Kf2 Nec3 49. Rd7 h5 50. Kf3 Kh6 51. Nd6 Kg6 52. Ne8 Kf5 53. Nxg7+ Kg6 54. Ne6 Nb4 55. Nf8+ Kf5 56. h3 [Site "Europe Echecs"]

[Event "Championnat d'Europe de Blitz"]
[Date "2024.12.09"]
[White "Costachi, Mihnea"]
[Black "Pultinevicius, Paulius"]
[WhiteElo "2464"]
[BlackElo "2579"]
[Round "9.22"]
[Result "0-1"]
[TimeControl "180+2"]

1. d4 Nf6 2. c4 e6 3. Nf3 d5 4. Nc3 c6 5. cxd5 exd5 6. Qc2 g6 7. h3 Bg7 8. Bf4 O-O 9. e3 Bf5 10. Qb3 Qb6 11. g4 Be4 12. Bg2 Qa6 13. Bf1 Qa5 14. Bg2 Bd3 15. Ne5 Ba6 16. O-O-O Nfd7 17. h4 Nxe5 18. Bxe5 Bxe5 19. dxe5 Nd7 20. f4 Rae8 21. h5 g5 22. Kb1 Qb6 23. Ne4 Be2 24. Nxg5 Qxb3 25. axb3 Bxd1 26. Rxd1 f6 27.
Nf3 fxe5 28.
f5 Nf6 29. Bh3 Kh8 30. h6 Rg8 31. g5 Ne4 32. Rg1 Nf2 33. Bf1 Ref8 34. g6 hxg6 35. Nxe5 Rxf5 36. Nxg6+ Kh7 37. Nh4 Rxg1 0-1

[Site "Europe Echecs"]

[Event "Championnat d'Europe de Blitz"]
[Date "2024.12.09"]
[White "Vuckovic, Zarko"]
[Black "Alonso Rosell, Alvar"]
[WhiteElo "2334"]
[BlackElo "2532"]
[Round "9.23"]
[Result "0-1"]
[TimeControl "180+2"]

1. e4 e5 2. Nf3 Nc6 3. Bc4 Nf6 4. d3 h6 5. O-O d6 6. c3 g6 7.
d4 Qe7 8.
Re1 Bg7 9. Nbd2 O-O 10. h3 Kh7 11. b4 exd4 12. cxd4 Nxb4 13. e5 dxe5 14. dxe5 Nd7 15. e6 Nb6 16. exf7 Qc5 17. Bb3 Bf5 18. Ba3 Qa5 19. Bxb4 Qxb4 20. Rc1 c6 21. Nf1 Rad8 22. Qe2 Nd5 23. Ne5 Nf4 24. Qf3 Bxe5 25. Rxe5 Nd3 26. Rxf5 Nxc1 27. Rf6 Nxb3 28. axb3 Rd6 29. Rf4 Qe1 30. Qe3 Qxe3 31.
Nxe3 Rd7 32. Ra4 a6 33. Ng4 Rdxf7 34. f3 Re7 35. Kf2 Rd8 36. h4 Kg7 37. Kg3 Rd2 38. Kh3 h5 39. Nh2 Rb2 40. Rb4 b5 41. Nf1 a5 0-1

[Site "Europe Echecs"]

[Event "Championnat d'Europe de Blitz"]
[Date "2024.12.09"]
[White "Dardha, Daniel"]
[Black "Mohr, Georg"]
[WhiteElo "2639"]
[BlackElo "2385"]
[Round "9.24"]
[Result "1-0"]
[TimeControl "180+2"]

1. d4 Nf6 2.
Bg5 e6 3. e4 h6 4. Bxf6 Qxf6 5. e5 Qd8 6. Qg4 d6 7. Nc3 Nd7 8. Nf3 g6 9. h4 h5 10. Qf4 d5 11. Ng5 Qe7 12. O-O-O a6 13. Bd3 c5 14. Rde1 cxd4 15.
Nxd5 Nb8 1-0

[Site "Europe Echecs"]

[Event "Championnat d'Europe de Blitz"]
[Date "2024.12.09"]
[White "Domingo Nunez, Ruben"]
[Black "Peyrer, Konstantin"]
[WhiteElo "2409"]
[BlackElo "2440"]
[Round "9.25"]
[Result "0-1"]
[TimeControl "180+2"]

1. e4 e5 2. Nf3 Nc6 3. Bc4 d6 4. c3 f5 5. exf5 e4 6. Qe2 Qe7 7. Ng1 Bxf5 8. g4 Bd7 9. d4 exd3 10. Bxd3 Bxg4 11. Qxe7+ Bxe7 12. Na3 Nf6 13. Nb5 O-O-O 14. h3 Bh5 15. Ne2 Ne5 16.
Bc2 Rhe8 17.
Nf4 Bf3 18.
O-O Be4 19.
Bxe4 Nxe4 20. Ne6 Rd7 21. f3 Ng3 22. Rd1 Bh4 23. Ned4 a6 24. Na3 c5 25. f4 cxd4 26. fxe5 dxe5 27. Nc4 Re6 28. cxd4 exd4 29. Bd2 b5 30. Na5 Rf7 31. Rac1+ Kd7 32. Rc5 Rf5 33. Nb3 Be7 34. Rc2 Rd5 35. Bc3 Ne2+ 36. Kf1 Rf5+ 37. Kg2 Rg6+ 38. Kh1 Rf2 39. Rxe2 Rxe2 40. Nxd4 Re4 41. Nxb5+ Bd6 42. Nd4 Re3 0-1

[Site "Europe Echecs"]

[Event "Championnat d'Europe de Blitz"]
[Date "2024.12.09"]
[White "Nevednichy, Vladislav"]
[Black "Beerdsen, Thomas"]
[WhiteElo "2451"]
[BlackElo "2502"]
[Round "9.26"]
[Result "1/2-1/2"]
[TimeControl "180+2"]

1. e4 e5 2. Nf3 Nc6 3. Bc4 Nf6 4. d3 h6 5. c3 d6 6. a4 g5 7. a5 a6 8. h3 Qe7 9. Nbd2 Be6 10. Qa4 Bg7 11. Nf1 d5 12. Ba2 O-O-O 13. Ng3 Kb8 14. O-O g4 15. hxg4 Bxg4 16. Nh4 Be6 17. Nhf5 Qf8 18. b4 Na7 19. c4 dxe4 20. dxe4 Nxe4 21. b5 axb5 22. cxb5 Nc3 23. Qc2 Nxa2 24. b6 Nc6 25. bxc7+ Kxc7 26. Rxa2 Bxa2 27. Qxa2 Ra8 28. Ba3 Rxa5 29. Bxf8 Rxa2 30. Bxg7 Rb8 31. Rc1 Kd7 32. Nxh6 Ke6 33. Re1 Rba8 34. Ne4 Ra1 35. Rxa1 Rxa1+ 36. Kh2 b5 37. Ng5+ Kd5 38. Nhxf7 b4 39. Nf3 Ra7 40. N7xe5 Rxg7 41. Nxc6 Kxc6 42.
Kh3 Kd5 43.
Nd2 Kd4 44.
g4 Kd3 45. Nb3 Kc3 46. Nc5 Rc7 47. Na6 Rh7 48. Kg3 b3 49. Nc5 b2 50. Na4+ Kb3 51. Nxb2 Kxb2 52. g5 Kc3 53. Kg4 Kd4 54. g6 Rh2 55. f4 Ke4 56. Kg5 Rg2+ 57. Kf6 Ra2 58. g7 Ra6+ 59. Kf7 Ra7+ 60. Kf8 Kxf4 61. g8=Q Ra8+ 62. Kf7 Rxg8 63. Kxg8 1/2-1/2

[Site "Europe Echecs"]

[Event "Championnat d'Europe de Blitz"]
[Date "2024.12.09"]
[White "Georgiev, Kiril"]
[Black "Goraj, Barbara"]
[WhiteElo "2537"]
[BlackElo "2178"]
[Round "9.27"]
[Result "1-0"]
[TimeControl "180+2"]

1. Nf3 Nf6 2. c4 g6 3.
g3 Bg7 4.
Bg2 O-O 5. O-O d6 6. Nc3 Nc6 7. Rb1 e5 8. b4 Be6 9. b5 Ne7 10. d3 c6 11. a4 h6 12. Ba3 Qc7 13. Qb3 Rab8 14. Rfc1 Nf5 15. e3 Rfd8 16. Nd2 c5 17. b6 axb6 18. Qxb6 Qe7 19. Qa7 h5 20. Rxb7 Rxb7 21. Qxb7 Rd7 22. Qb8+ Rd8 23. Qb3 h4 24. a5 hxg3 25. hxg3 Bc8 26. Qb6 Nd7 27. Qc7 Ba6 28. Nd5 Qe8 29. Qa7 Bc8 30. Ne4 Kf8 31. Rb1 Bh6 32. Bh3 Ng7 33. Nxd6 1-0

[Site "Europe Echecs"]

[Event "Championnat d'Europe de Blitz"]
[Date "2024.12.09"]
[White "Radeva, Viktoria"]
[Black "Kalezic, Blazo"]
[WhiteElo "2275"]
[BlackElo "2382"]
[Round "9.28"]
[Result "0-1"]
[TimeControl "180+2"]

1. e4 e6 2.
d4 d5 3. e5 c5 4. c3 Nc6 5. Nf3 Bd7 6. Be2 Rc8 7. O-O Qb6 8. dxc5 Bxc5 9. Bd3 h6 10. Nbd2 Qc7 11. Qe2 a6 12. Nb3 Ba7 13. Be3 Bb8 14. Bd4 Nge7 15. Rfe1 Nxd4 16. cxd4 O-O 17. h4 f5 18. exf6 Rxf6 19. Ne5 Nc6 20. Rac1 Rcf8 21. f3 Be8 22. Bb1 Qb6 23. Nxc6 Bxc6 24. Qd3 Bg3 25. Re2 Bb5 26. Qh7+ Kf7 27. Rec2 Bc4 28. Rxc4 dxc4 29. Rxc4 Bxh4 30. Nc5 Qxb2 31. Nd7 Qf2+ 32. Kh2 Rxf3 33. Ne5+ Ke7 34. Qxg7+ R8f7 35. Rc7+ Kd8 36. Qg8+ Kxc7 0-1

[Site "Europe Echecs"]

[Event "Championnat d'Europe de Blitz"]
[Date "2024.12.09"]
[White "Redzisz, Michal"]
[Black "Samunenkov, Ihor"]
[WhiteElo "2263"]
[BlackElo "2543"]
[Round "9.29"]
[Result "0-1"]
[TimeControl "180+2"]

1. e4 e5 2.
Nf3 Nf6 3.
d4 Nxe4 4.
Bd3 d5 5.
Nxe5 Nd7 6.
Nxf7 Kxf7 7.
Qh5+ Ke6 8.
Qe2 Bd6 9. c4 Kf7 10. Qh5+ Kf8 11. Qxd5 Ndf6 12. Qa5 Qe7 13. O-O b6 14. Qe1 h6 15. h3 Bb7 16. Be3 Re8 17. Nc3 Ng3 18. fxg3 Qxe3+ 19. Qxe3 Rxe3 20.
Rad1 Kf7 21.
d5 Rhe8 22.
g4 Kg8 23.
Bf5 Bc8 24.
Bg6 R8e7 25. Rd2 Bg3 26. Rdd1 a6 27. a3 Bd7 28. Nb1 Ba4 29. Rc1 Bd7 30. Nd2 Re2 31. Nf3 Rxb2 32. c5 Ree2 33. cxb6 Rxg2+ 34. Kh1 cxb6 35. Rc7 Bxc7 0-1

[Site "Europe Echecs"]

[Event "Championnat d'Europe de Blitz"]
[Date "2024.12.09"]
[White "Grigoriants, Sergey"]
[Black "Zlatkov, Anton"]
[WhiteElo "2542"]
[BlackElo "2324"]
[Round "9.30"]
[Result "1-0"]
[TimeControl "180+2"]

1. e4 c5 2. Nf3 e6 3. c3 Nf6 4. Bd3 d5 5. e5 Nfd7 6. Bc2 c4 7. d4 cxd3 8. Bxd3 Nc6 9. Bf4 Be7 10. h4 a6 11. Nbd2 b5 12. Nb3 Bb7 13. Qe2 Nc5 14. Nxc5 Bxc5 15. h5 h6 16. O-O d4 17. Be4 Qb6 18. Rad1 dxc3 19. bxc3 Ne7 20. Nd2 Nd5 21. Bxd5 Bxd5 22. Ne4 Bxe4 23. Qxe4 O-O 24. Rd3 Rfd8 25. Rg3 Kh8 26. Bxh6 Bf8 27. Qg4 Kh7 28. Bxg7 Qc5 29. Bf6 Bh6 30. Qe4# 1-0

[Site "Europe Echecs"]

[Event "Championnat d'Europe de Blitz"]
[Date "2024.12.09"]
[White "Kadric, Denis"]
[Black "Diermair, Andreas"]
[WhiteElo "2544"]
[BlackElo "2433"]
[Round "9.31"]
[Result "1/2-1/2"]
[TimeControl "180+2"]

1. e4 e6 2.
d3 d5 3. Nd2 c5 4. g3 Nc6 5. Bg2 Nf6 6. f4 Be7 7. e5 Nd7 8. Ndf3 b5 9. Nh3 Bb7 10. O-O Qc7 11. Bd2 a5 12. Qe2 b4 13. Rae1 g6 14. Nf2 Nd4 15. Qd1 h5 16. h3 a4 17. g4 hxg4 18. hxg4 Qb6 19. c3 Nxf3+ 20. Qxf3 a3 21. b3 bxc3 22. Bxc3 Rb8 23.
Bd2 Qc7 24.
Rc1 Qb6 25.
Rfe1 Bh4 26.
Re2 Ke7 27.
Be1 Bxf2+ 28. Bxf2 d4 29. Qg3 Bxg2 30. Qxg2 Qb7 31. Rec2 Rh7 32. Qxb7 Rxb7 33. Kg2 Rb8 34. Rh1 Rbh8 35. Rxh7 Rxh7 36. g5 Rh8 37. Rc4 Ra8 38. Be1 Kd8 39.
b4 cxb4 40.
Bxb4 Nb6 41. Rxd4+ Nd5 42. Kf3 Kc7 43. Ke4 Kc6 44. Bd6 Ra7 45. Rc4+ Kd7 46. Kf3 Nb6 47. Rc3 Nd5 48. Rxa3 Rxa3 49.
Bxa3 Nc3 50. Bb4 Nxa2 51. Bd2 Kc6 52. Ke4 Kc5 53. Ke3 Kd5 54.
Ke2 Kd4 55.
Be3+ Kd5 56. Bd2 Kd4 57. Be3+ Kd5 58. Kd2 Nb4 59.
Kc3 Nc6 60. Bc1 Nd4 61. Be3 Nc6 62.
Kb3 Ne7 63.
Kb4 Kc6 64.
Kc4 Nd5 65.
Bd2 Nc7 66. Kb4 Kd5 67. Be3 Kc6 68. Ka5 Kb7 69. Bd2 Kc6 70. Bc1 Kb7 71. Bd2 Kc6 72. Kb4 Kd5 73. Be3 Kc6 74. Kc4 Nd5 75. Bc1 Nc7 76. Kd4 Nb5+ 77. Kc4 Nc7 78. Kd4 1/2-1/2

[Site "Europe Echecs"]

[Event "Championnat d'Europe de Blitz"]
[Date "2024.12.09"]
[White "Reprintsev, Alexander"]
[Black "Kazakouski, Valery"]
[WhiteElo "2230"]
[BlackElo "2567"]
[Round "9.32"]
[Result "0-1"]
[TimeControl "180+2"]

1. e4 c5 2. b3 Nc6 3. Bb2 e5 4. f4 exf4 5. Qf3 Nf6 6. Qxf4 d5 7. Bxf6 Qxf6 8. Qxf6 gxf6 9. exd5 Nb4 10. Na3 Nxd5 11. Bb5+ Kd8 12. O-O-O Be6 13. Ne2 a6 14. Bc4 b5 15. Bxd5 Bxd5 16. Nf4 Bc6 17. c4 Bd6 18. Rhf1 Kc7 19. g3 h5 20. Nc2 bxc4 21. bxc4 Rab8 22. Ne3 Be5 23. Nfd5+ Kd6 24. Nf5+ Kd7 25. d4 cxd4 26. Nxd4 Ba4 27. Nc2 Kc6 28. Ndb4+ Kb7 29. Rd5 Rhc8 30. Ne3 Ka7 31. a3 Rb7 32. Kd2 Bc6 33. Ra5 Rd7+ 34. Ke2 Bb7 35.
Nbd5 h4 36.
gxh4 Rh8 37.
Nxf6 Bxf6 38. Rxf6 Rxh4 39. c5 Rxh2+ 40. Ke1 Re7 41. c6 Rxe3+ 42. Kf1 Bc8 43. Rxf7+ Kb6 44. Rg5 Rxa3 45. Kg1 Rc2 46. Rf6 Ra1+ 47. Rf1 Rxf1+ 48. Kxf1 Rxc6 49. Ke1 Rd6 50. Rg2 a5 51. Rd2 Rh6 52.
Kd1 Ba6 53.
Kc2 a4 54.
Kc3 Kc5 55.
Rf2 Rh3+ 56.
Kb2 a3+ 57. Kc2 Bc4 58. Rf8 Kb4 59. Rb8+ Bb5 60. Ra8 Rh2+ 61. Kb1 Kb3 0-1

[Site "Europe Echecs"]

[Event "Championnat d'Europe de Blitz"]
[Date "2024.12.09"]
[White "Van Foreest, Lucas"]
[Black "Andonovski, Ljubisa"]
[WhiteElo "2520"]
[BlackElo "2253"]
[Round "9.33"]
[Result "1-0"]
[TimeControl "180+2"]

1. Nf3 d5 2.
g3 Nf6 3.
Bg2 Bg4 4.
h3 Bh5 5. d4 e6 6. O-O Nbd7 7. b3 a5 8. c4 c6 9. Nc3 Be7 10. Bb2 O-O 11. g4 Bg6 12. Nh4 dxc4 13. bxc4 e5 14. e3 exd4 15. exd4 Nb6 16. Nxg6 hxg6 17. Qd3 a4 18. Rad1 a3 19. Bc1 Na4 20. Nxa4 Rxa4 21. Rfe1 Bb4 22. Qb3 Qa8 23. Re3 Bd6 24. Re2 Ra5 25. c5 Bc7 26. Rd3 Rd8 27. Bxa3 Rb5 28. Bb4 Nd5 29. a3 Ba5 30. Bxd5 cxd5 31. Re5 Bxb4 32. axb4 Qa1+ 33. Rd1 Qa6 34. Rxd5 Rxd5 35. Qxd5 Rxb4 36. Re1 Qc4 37. Qd8+ Kh7 38. Qh4+ 1-0

[Site "Europe Echecs"]

[Event "Championnat d'Europe de Blitz"]
[Date "2024.12.09"]
[White "Vyval, Volodymyr"]
[Black "Fridman, Daniel"]
[WhiteElo "2269"]
[BlackElo "2571"]
[Round "9.34"]
[Result "0-1"]
[TimeControl "180+2"]

1. e4 c6 2. d4 d5 3. e5 c5 4. dxc5 Nc6 5. f4 e6 6. Nf3 Bxc5 7. c3 Nh6 8. b4 Bb6 9. b5 Ne7 10. Nd4 Qc7 11. Ba3 Nef5 12. g4 Ne3 13. Qe2 Bxd4 14. cxd4 Nc2+ 0-1

[Site "Europe Echecs"]

[Event "Championnat d'Europe de Blitz"]
[Date "2024.12.09"]
[White "Mastrovasilis, Dimitrios"]
[Black "Oliinyk, Serafym"]
[WhiteElo "2537"]
[BlackElo "2207"]
[Round "9.35"]
[Result "1/2-1/2"]
[TimeControl "180+2"]

1. e4 e5 2. Nf3 Nc6 3. d4 exd4 4. c3 d5 5. exd5 Qxd5 6. cxd4 Bb4+ 7. Nc3 Bg4 8. Be2 Bxf3 9. Bxf3 Qc4 10. Qb3 Qxb3 11. axb3 O-O-O 12. Be3 Nxd4 13. Bxd4 Rxd4 14. Rxa7 c6 15. Ra8+ Kc7 16. O-O Rd8 17. Nb5+ cxb5 18. Rc1+ Kd7 19. Rd1+ Bd6 20. Rxd6+ Kxd6 21. Rxd8+ Ke7 22. Rb8 g6 23. Kf1 Kf6 24. Bd5 Kg7 25. Rxb7 Nh6 26. h3 Rc8 27. b4 Rc1+ 28. Ke2 Rc2+ 29. Kf3 Rxb2 30. g4 g5 31. Rxb5 Ng8 32. Rb7 Nh6 33. b5 Kf6 34. b6 Ke5 35. Bxf7 Nxf7 36. Rxf7 Rxb6 37. Rf5+ Ke6 38. Rxg5 Kf6 39. Rf5+ Kg6 40. Kg3 Rb3+ 41. f3 Rc3 42. h4 h6 43. Ra5 Rb3 44. h5+ Kg7 45. Rf5 Rc3 46. Kh4 Rc1 47. f4 Rh1+ 48. Kg3 Rg1+ 49. Kf3 Rf1+ 50. Kg2 Rb1 51. Re5 Rb2+ 52. Kf3 Rb3+ 53. Re3 Rb1 54. g5 Rg1 55. Re7+ Kf8 56. Re5 Kg7 57.
Re6 hxg5 58.
Rg6+ Kh7 59.
fxg5 Rf1+ 60. Kg2 Rf5 61. Kg3 Rb5 62. Kg4 Rb4+ 63. Kf3 Rb3+ 64. Ke4 Rb5 65. Kd4 Ra5 66. Kc4 Re5 67. Kc3 Ra5 68. Kb4 Rd5 69. Kc4 Ra5 70. Kd4 Rb5 71. Ke4 Ra5 72. Kf4 Ra4+ 73. Kf3 Ra5 74. Rh6+ Kg7 75. Kg4 Ra4+ 76. Kg3 Ra5 77. Rg6+ Kh7 78. Rf6 Rxg5+ 79. Kh4 Rg1 80. Rf7+ Kh6 81. Rf6+ Kh7 82. Rd6 Rg2 83. Rd3 Rg1 84. Kh3 Kh6 85. Rd5 Rg5 86. Rxg5 Kxg5 87. h6 Kxh6 1/2-1/2

[Site "Europe Echecs"]

[Event "Championnat d'Europe de Blitz"]
[Date "2024.12.09"]
[White "Maier, Christian"]
[Black "Smeets, Jan"]
[WhiteElo "2235"]
[BlackElo "2552"]
[Round "9.36"]
[Result "1-0"]
[TimeControl "180+2"]

1. e4 c6 2. d4 d5 3. e5 Bf5 4. h4 h5 5. Bg5 Qb6 6. Bd3 Bxd3 7. Qxd3 e6 8. Nc3 c5 9. Nf3 cxd4 10. Nxd4 Nc6 11. Nxc6 bxc6 12. O-O Ne7 13. Na4 Qb5 14. Qxb5 cxb5 15. Nc5 Nf5 16. Nd3 Kd7 17. c3 a5 18. Rfc1 a4 19. Kf1 Be7 20. Bxe7 Kxe7 21. g3 Rhc8 22. Ke2 Rc4 23. Kd2 f6 24. b3 Rcc8 25. Rab1 axb3 26. axb3 Ra2+ 27. Ke1 Kf7 28. exf6 gxf6 29. Nb4 Ra7 30. Kd2 Ke7 31. Ra1 Rca8 32. Rxa7+ Rxa7 33. Nc6+ Kd6 34. Nxa7 1-0

[Site "Europe Echecs"]

[Event "Championnat d'Europe de Blitz"]
[Date "2024.12.09"]
[White "Muter, Donny"]
[Black "Janik, Igor"]
[WhiteElo "2206"]
[BlackElo "2515"]
[Round "9.37"]
[Result "1-0"]
[TimeControl "180+2"]

1. b3 a5 2.
a3 Nf6 3.
Bb2 g6 4. Nf3 Bg7 5. e3 O-O 6. Be2 d5 7. O-O c5 8.
d4 Ne4 9.
Nbd2 Nc6 10. c4 cxd4 11. Nxd4 Nxd4 12. exd4 Nxd2 13. Qxd2 a4 14. bxa4 dxc4 15.
Bxc4 Rxa4 16. Bb3 Ra6 17. d5 Bxb2 18. Qxb2 Rb6 19. Rfd1 Qd6 20. Qc3 Bd7 21. Qe3 Ra8 22. Re1 Bf5 23. h3 Rxa3 24. Rxa3 Qxa3 25. Qxb6 1-0

[Site "Europe Echecs"]

[Event "Championnat d'Europe de Blitz"]
[Date "2024.12.09"]
[White "Laurusas, Tomas"]
[Black "Todorovic, Goran N"]
[WhiteElo "2578"]
[BlackElo "2256"]
[Round "9.38"]
[Result "0-1"]
[TimeControl "180+2"]

1. c4 e6 2. g3 d5 3. Bg2 Nf6 4. d4 dxc4 5. Qa4+ Nbd7 6. Qxc4 a6 7. Qc2 c5 8. Nf3 b5 9. Ne5 Nd5 10. Nxd7 Bxd7 11. dxc5 Rc8 12. O-O Bxc5 13. Qb3 Bc6 14. Nd2 O-O 15. Ne4 Be7 16. Rd1 Qb6 17. Bd2 Qb7 18. Rac1 h6 19. Ba5 Nb6 20. Bxb6 Qxb6 21. Nd6 Rc7 22. Nc4 Qb8 23. Na5 Bxg2 24. Kxg2 Rfc8 25. Qe3 Bf6 26. b4 Rc2 27. Rxc2 Rxc2 28. a3 Qc8 29. Rd3 Bg5 30. Qf3 Bf6 31. Nb7 Rc3 32. Nc5 Rxd3 33. Qxd3 Qc6+ 34. f3 a5 35. Ne4 axb4 36. axb4 Be7 37. Nc3 Qd6 38. Qxb5 Qxb4 39.
Qe8+ Bf8 40.
Ne4 Qe7 41.
Qb5 Qb4 42.
Qd7 Qe7 43. Qd3 Qa7 44. h4 Qb7 45. h5 Qa7 46. g4 Qc7 47. g5 Qf4 48. g6 fxg6 49. hxg6 Qf5 50. Nf2 Qxd3 51. Nxd3 Bd6 52. Kf2 Kf8 53. Ke3 Ke7 54. Nf2 Bc5+ 55. Kf4 Bxf2 56. Kg4 Kf6 57. Kh5 Kf5 58.
e4+ Kf4 59.
e5 Bd4 0-1

[Site "Europe Echecs"]

[Event "Championnat d'Europe de Blitz"]
[Date "2024.12.09"]
[White "Saraci, Nderim"]
[Black "Radovanovic, Dusan"]
[WhiteElo "2431"]
[BlackElo "2274"]
[Round "9.39"]
[Result "1-0"]
[TimeControl "180+2"]

1. d4 Nf6 2. Nf3 e6 3. c4 b6 4. g3 Ba6 5. b3 Bb4+ 6. Bd2 Be7 7. Nc3 d5 8. cxd5 Nxd5 9. Bg2 Nd7 10. Nxd5 exd5 11. O-O O-O 12. Re1 c5 13. dxc5 bxc5 14. Rc1 Rc8 15. Bf4 Nf6 16. Ne5 Bd6 17. Nd3 c4 18. Bxd6 Qxd6 19. Nf4 cxb3 20. axb3 d4 21. Qd2 Qe5 22. Ra1 Bb5 23. Rxa7 Rc3 24. Ra5 Rxb3 25. Qc2 Rc3 26. Qb2 Rc5 27. Rd1 g5 28. Nd3 Bxd3 29. Rxc5 Qxc5 30. Rxd3 Re8 31. h3 h6 32.
Rxd4 Rxe2 33. Rd8+ Ne8 34. Qxe2 1-0

[Site "Europe Echecs"]

[Event "Championnat d'Europe de Blitz"]
[Date "2024.12.09"]
[White "Djurovic, Peko"]
[Black "Baskin, Robert"]
[WhiteElo "2253"]
[BlackElo "2442"]
[Round "9.40"]
[Result "1-0"]
[TimeControl "180+2"]

1. e4 c5 2. Nf3 e6 3. d4 cxd4 4. Nxd4 Nc6 5. Nc3 Qc7 6. Be3 a6 7. Qf3 h5 8. Nxc6 bxc6 9. O-O-O Nf6 10. h3 Bd6 11. Bc4 Rb8 12. Bb3 Be5 13. Bg5 c5 14. Qd3 Bb7 15. f3 h4 16. Kb1 Nh5 17. Rhe1 Nf4 18. Bxf4 Bxf4 19. Nd5 Bxd5 20. exd5 O-O 21. a3 Be5 22. Qe4 Bf6 23. f4 c4 24. Qxc4 Qxc4 25. Bxc4 Rxb2+ 26. Kc1 Rc8 27. Re4 Rcb8 28. Bb3 g6 29. Ra4 Rb6 30. Rd3 Rd6 31. Ra5 Kg7 32. Rc5 Rb6 33. Rc7 Rd6 34. Rc5 Rb6 35. d6 e5 36. fxe5 R2xb3 37. cxb3 Bg5+ 38. Kc2 Rb8 39. Rc7 Rd8 40. Rd5 Bf4 41. b4 Re8 42. Rxd7 Bxe5 43. Ra7 Rc8+ 44. Kd1 Bf6 45. d7 Rd8 46.
Rc5 Kf8 47.
Rc8 Ke7 48. Rxd8 Kxd8 49. Rxa6 Be5 50. Ra7 Bc7 51. Rxc7 Kxc7 52. Ke2 Kxd7 53. a4 f5 54. Ke3 g5 55. Kd4 Kd6 56. a5 g4 57. Ke3 Ke5 58. a6 f4+ 1-0

[Site "Europe Echecs"]